 Dungeon Crawl Stone Soup version 0.18.1-50-g88ac8fd (webtiles) character file.

179 Gargoyl the Skirmisher (level 5, -5/63 HPs)
             Began as a Demonspawn Abyssal Knight on Oct 18, 2016.
             Was a Believer of Lugonu.
             Slain by an ogre
             ... wielding a cursed +0 giant club
              (6 damage)
             ... on level 4 of the Dungeon.
             The game lasted 00:04:50 (2746 turns).

Gargoyl the Skirmisher (Demonspawn Abyssal Knight)  Turns: 2746, Time: 00:04:50

Health: -5/63      AC: 22    Str: 17 (20) XL:     5   Next: 33%
Magic:  7/7        EV:  2    Int: 12 (13) God:    Lugonu [**....]
Gold:   281        SH:  0    Dex: 11 (13) Spells: 0 memorised, 4 levels left

rFire  . . .     SeeInvis .     a - +1 hand axe
rCold  . . .     Gourm    .     (armour currently unavailable)
rNeg   + + +     Faith    .     (no shield)
rPois  +         Spirit   .     (helmet currently unavailable)
rElec  .         Dismiss  .     (cloak currently unavailable)
rCorr  .         Reflect  .     (gloves currently unavailable)
SustAt .         Harm     .     (boots currently unavailable)
MR     +....     NoTele   +     d - amulet of magic regeneration
Stlth  +.........               u - ring of positive energy
                                k - +2 ring of strength

@: mighty, tree-form, slowed, very slow, somewhat resistant to hostile
enchantments, very unstealthy
A: (large bone plates 0), magic resistance 1
a: Depart the Abyss, Bend Space, Renounce Religion


You were on level 4 of the Dungeon.
You worshipped Lugonu.
Lugonu was pleased with you.
You were not hungry.
You were a tree.
You visited 1 branch of the dungeon, and saw 4 of its levels.
You visited the Abyss 1 time.

You collected 281 gold pieces.

Inventory:

Hand Weapons
 a - a +1 hand axe (weapon)
 w - a +3 spear of piercing
Missiles
 y - 2 tomahawks (quivered)
Armour
 h - a +0 scale mail (melded)
Jewellery
 d - an amulet of magic regeneration (around neck)
 k - a +2 ring of strength (left branch)
 u - a ring of positive energy (right branch)
Wands
 f - a wand of lightning (2/15)
Scrolls
 b - 2 scrolls of identify
 g - 2 scrolls of immolation {unknown}
 i - 3 scrolls of magic mapping {unknown}
 l - 4 scrolls of blinking {unknown}
 n - 3 scrolls of remove curse {unknown}
 q - a scroll of fog {unknown}
 r - 3 scrolls of teleportation {unknown}
 x - a scroll of fear {unknown}
Potions
 e - a potion of mutation
 o - a potion of curing
 z - a potion of resistance
Comestibles
 c - 4 bread rations
 j - 4 beef jerkies
 m - a slice of pizza
 t - 2 meat rations
 A - 3 chunks of flesh


   Skills:
 + Level 3.7 Fighting
 + Level 2.7 Axes
 * Level 3.0 Armour
 + Level 1.7 Dodging
 + Level 0.6 Stealth
 * Level 3.7 Invocations


You had 4 spell levels left.
You didn't know any spells.

Dungeon Overview and Level Annotations

Branches:
Dungeon (4/15)
 Temple: D:4-7

Altars:
Dithmenos
Kikubaaqudgha
Pakellas


Innate Abilities, Weirdness & Mutations

((You are partially covered in large bone plates (AC +2, SH +2).))
You are resistant to hostile enchantments.


Message History

Something hits you but does no damage.
Drink which item? (? for menu, Esc to quit)
You feel better. Something hits you but does no damage.
The orc wizard casts a spell.
The orc wizard blinks!
The ogre hits you with a giant club!
* * * LOW HITPOINT WARNING * * *
Drink which item? (? for menu, Esc to quit)
It was a potion of might.
You feel very mighty all of a sudden. Something hits you but does no damage.
The ogre hits you with a giant club.
* * * LOW HITPOINT WARNING * * *
The orc hits you but does no damage. Something hits you but does no damage.
The orc hits you but does no damage.
Drink which item? (? for menu, Esc to quit)
It was a potion of degeneration.
There was something very wrong with that liquid.
You feel weakened.
You feel dopey.
You feel clumsy. Something hits you but does no damage.
The orc hits you but does no damage. The ogre hits you with a giant club.
You die...

.!#..###.#..###
..#............
...............
..#.........!..
.............##
.......$.....##
......oo.......
.....##O{....#.
.##.###♣o.#..#+#+##
#.....o.#.......#
#.###..##.......#
#............#
#.##............####.#
..##...#..##+#........
#.##..............##.#
##.##......##.#.......
...........##........


You could see an ogre, an orc wizard and 3 orcs.

Vanquished Creatures
  An orc wizard (D:4)
  7 gnolls
  2 adders
  2 oozes (D:1)
  2 dart slugs
  A giant gecko (D:3)
  3 orcs
  5 bats
  A giant cockroach (D:2)
  4 goblins
  8 hobgoblins
  4 jackals (D:1)
  A kobold (D:3)
  2 ball pythons (D:1)
  A giant newt (D:3)
  7 rats
51 creatures vanquished.

Vanquished Creatures (others)
  A human (D:2)
1 creature vanquished.

Grand Total: 52 creatures vanquished

Notes
Turn   | Place    | Note
--------------------------------------------------------------
     0 | Abyss:1  | Gargoyl the Demonspawn Abyssal Knight began the quest for the Orb.
     0 | Abyss:1  | Reached XP level 1. HP: 18/18 MP: 2/2
    76 | Abyss:3  | Noticed a large abomination
    98 | D:1      | Escaped the Abyss
   156 | D:1      | Reached skill level 1 in Dodging
   320 | D:1      | Reached * piety under Lugonu
   320 | D:1      | Gained mutation: You are partially covered in large bone plates (AC +2, SH +2). [demonic ancestry]
   320 | D:1      | Reached XP level 2. HP: 22/24 MP: 3/3
   828 | D:1      | Reached XP level 3. HP: 19/29 MP: 5/5
  1107 | D:2      | Found a shadowy altar of Dithmenos.
  1182 | D:2      | Found an ancient bone altar of Kikubaaqudgha.
  1183 | D:2      | Noticed a human
  1185 | D:2      | Killed a human
  1343 | D:2      | Found an oddly glowing altar of Pakellas.
  1704 | D:2      | Reached XP level 4. HP: 26/35 MP: 6/6
  1894 | D:3      | Reached ** piety under Lugonu
  2286 | D:3      | Reached XP level 5. HP: 29/42 MP: 7/7
  2729 | D:4      | Noticed an ogre
  2735 | D:4      | Noticed an ogre
  2742 | D:4      | Gained mutation: You are agile. (Dex +2) [potion of mutation]
  2742 | D:4      | Gained mutation: You are resistant to hostile enchantments. [potion of mutation]
  2742 | D:4      | Lost mutation: You are agile. (Dex +2) [potion of mutation]
  2745 | D:4      | HP: 1/63 [ogre/giant club (5)]
  2746 | D:4      | Slain by an ogre

Skill      XL: |  1  2  3  4  5 |
---------------+----------------+-----
Axes           | 2 |  2.7
Dodging        | 1 |  1.7
Armour         | 2 3 |  3.0
Invocations    | 3 |  3.7
Fighting       | |  3.7
Stealth        | |  0.6

Action                   |  1- 3 |  4- 6 || total
-------------------------+-------+-------++-------
Melee: Hand axe          |   109 |    61 ||   170
Invok: Depart the Abyss  |     1 |       ||     1
  Use: Scroll            |     2 |     4 ||     6
       Potion            |       |     8 ||     8
  Eat: Chunk             |     3 |     4 ||     7
Armor: Scale mail        |    77 |    38 ||   115
       Skin              |       |     8 ||     8
Dodge: Dodged            |    66 |    37 ||   103
Block: Other             |     9 |     5 ||    14
